 Dungeon Crawl Stone Soup version 0.29-a0-330-g52719c12eb (webtiles) character file.

Game seed: 4611520168861760982

4501 dohliylev the Grappler (level 10, -3/91 HPs)
             Began as a Troll Warper on May 11, 2022.
             Was an Elder of Okawaru.
             Killed from afar by a catoblepas (8 damage)
             ... with a blast of calcifying dust
             ... on level 8 of the Dungeon.
             The game lasted 00:19:21 (6618 turns).

dohliylev the Grappler (Troll Warper)               Turns: 6618, Time: 00:19:22

Health: -3/91      AC:  8    Str: 25    XL:     10   Next: 16%
Magic:  10/12      EV: 15    Int:  9    God:    Okawaru [****..]
Gold:   558        SH:  0    Dex:  9    Spells: 8/13 levels left

rFire   . . .      SeeInvis .     - Unarmed
rCold   . . .      Faith    .   (no shield)
rNeg    . . .      Spirit   .   d - +0 steam dragon scales
rPois   .          Reflect  .   (helmet restricted)
rElec   .          Harm     .   D - +0 cloak
rCorr   .          Rampage  .   (gloves unavailable)
Will    .....                   (boots unavailable)
Stlth   +.........              (no amulet)
HPRegen 1.05/turn               g - +4 ring of slaying
MPRegen 0.13/turn               B - +4 ring of evasion

@: on blink cooldown
A: large, unfitting armour, claws 3, regeneration 1, shaggy fur 1, tough skin 1
a: Renounce Religion, Heroism, Finesse


You were on level 8 of the Dungeon.
You worshipped Okawaru.
Okawaru was greatly pleased with you.
You visited 2 branches of the dungeon, and saw 9 of its levels.
You also visited: Ossuary.

You collected 558 gold pieces.

Inventory:

Missiles
 x - 2 javelins (quivered)
 G - 3 boomerangs
Armour
 d - +0 steam dragon scales (worn)
 D - a +0 cloak (worn)
Jewellery
 g - a +4 ring of slaying (left claw)
 i - a ring of see invisible
 B - a +4 ring of evasion (right claw)
Wands
 c - a wand of paralysis (6)
 p - a wand of polymorph (20)
 y - a wand of digging (8)
Scrolls
 b - 5 scrolls of blinking
 f - a scroll of amnesia {unknown}
 j - 5 scrolls of enchant armour
 m - a scroll of holy word {unknown}
 o - a scroll of fog {unknown}
 q - 2 scrolls of teleportation
 t - 3 scrolls of vulnerability {unknown}
 u - 3 scrolls of noise
 v - 2 scrolls of summoning
 w - a scroll of magic mapping
 F - a scroll of silence {unknown}
 J - a scroll of identify
Potions
 e - 3 potions of curing {unknown}
 k - 2 potions of might {unknown}
 l - 3 potions of flight {unknown}
 n - 6 potions of mutation {unknown}
 r - a potion of resistance {unknown}
 s - 4 potions of attraction {unknown}
 z - 2 potions of magic {unknown}
 A - 4 potions of brilliance {unknown}
 C - a potion of heal wounds {unknown}
 E - 2 potions of cancellation {unknown}
 H - 3 potions of degeneration {unknown}
 I - 2 potions of berserk rage {unknown}


   Skills:
 + Level 3.0 Fighting
 + Level 6.4 Throwing
 + Level 5.3 Dodging
 + Level 9.9 Unarmed Combat
 + Level 2.4 Spellcasting
 + Level 4.0 Translocations


You had 8 spell levels left.
You knew the following spells:

 Your Spells              Type           Power      Damage    Failure   Level
a - Blink                 Tloc           16%        N/A       10%         2
b - Lesser Beckoning      Tloc           8%         N/A       19%         3

Your spell library contained the following spells:

 Spells                   Type           Power      Damage    Failure   Level
 Apportation              Tloc           16%        N/A       6%          1
 Gell's Gravitas          Tloc           8%         N/A       19%         3
 Teleport Other           Tloc           8%         N/A       19%         3
 Corpse Rot               Necr/Air       2%         N/A       43%         2
 Passage of Golubria      Tloc           8%         N/A       52%         4
 Manifold Assault         Tloc           8%         N/A       86%         5
 Alistair's Intoxication  Tmut/Pois      0%         N/A       100%        5
 Silence                  Hex/Air        0%         N/A       100%        5
 Lehudib's Crystal Spear  Conj/Erth      0%         10d2      100%        8


Dungeon Overview and Level Annotations

Branches:
Dungeon (8/15)             Temple (1/1) D:4         Ossuary (visited)
   Lair: D:8-11

Altars:
Ashenzari
Cheibriados
Dithmenos
Elyvilon
Gozag
Hepliaklqana
Makhleb
Nemelex Xobeh
Okawaru
Qazlal
Ru
Sif Muna
Trog
Uskayaw
Vehumet
Wu Jian
Xom
Yredelemnul
Zin
The Shining One

Shops:
D:3 :   D:7 **


Innate Abilities, Weirdness & Mutations

You are too large for most types of armour.
You have claws for hands.
Your natural rate of healing is unusually fast.
You are covered in fur. (AC +1)
You have tough skin. (AC +1)


Message History

The catoblepas gores you!!
You claw the catoblepas!
The catoblepas is severely wounded.
You are engulfed in calcifying dust.
Your limbs have turned to stone.
The catoblepas breathes a plume of calcifying dust at you.
The blast of calcifying dust hits you.
You have turned to stone.
You are engulfed in calcifying dust.
The catoblepas breathes a plume of calcifying dust at you.
The blast of calcifying dust hits you but does no damage.
You are engulfed in calcifying dust.
The catoblepas gores you.
You are engulfed in calcifying dust.
The catoblepas gores you!!
You are engulfed in calcifying dust.
The catoblepas breathes a plume of calcifying dust at you.
The blast of calcifying dust hits you.
You are engulfed in calcifying dust.
The catoblepas gores you.
You feel like a meek peon again.
The catoblepas gores you but does no damage.
The catoblepas barely misses you. The catoblepas gores you!!
The catoblepas gores you!!
You turn to flesh and can move again.
You claw the catoblepas!
The catoblepas is almost dead.
The catoblepas barely misses you.
You scratch the catoblepas but do no damage.
The catoblepas is almost dead.
You scratch the catoblepas but do no damage.
The catoblepas is almost dead.
The catoblepas gores you!!
* * * LOW HITPOINT WARNING * * *
You claw the catoblepas!
The catoblepas is almost dead.
The catoblepas gores you!!
* * * LOW HITPOINT WARNING * * *
Casting: Blink (safe; 10% risk of failure)
Confirm with . or Enter, or press ? or * to list all spells.
You blink.
The catoblepas breathes a plume of calcifying dust at you.
The blast of calcifying dust hits you!
You die...

***********,*#(.#.#
*,,,,,,,,,,,*#.>#.#
*,############.Y#.#
*,#......#††....#.#
*,#....#.#.###Y##.##
*,#..#.#.#.###.§§..#
**#..............§.#
#....###########)#
#..........@§§.Y.#
#...################# ######
#...................###.....
#.#.##...............##.....
#.#.#.................#.....
#.#.........................
#.#.........................
#........)............).....
#.....>.................####


There were no monsters in sight!

Vanquished Creatures
  2 two-headed ogres (D:8)
  Maggie (D:7)
  2 wyverns
  A steam dragon (D:8)
  A water moccasin (D:6)
  A black bear (D:6)
  An orc warrior (D:7)
  An ice beast (D:3)
  A centaur (D:7)
  A kobold brigand (D:4)
  An elf zombie (Ossuary)
  4 scorpions
  A bullfrog (D:5)
  4 wights (D:7)
  9 killer bees (D:8)
  5 electric eels (D:7)
  3 howler monkeys
  2 centaur zombies (Ossuary)
  An orc priest (D:8)
  A jelly (D:4)
  5 hounds
  A gnoll shaman (D:8)
  5 iguanas
  4 orc wizards (D:7)
  2 mummies (Ossuary)
  6 adders
  4 gnolls (D:8)
  A shadow imp (D:7)
  An ufetubus (D:7)
  An adder zombie (Ossuary)
  4 worms
  2 dart slugs (D:1)
  20 orcs
  7 ball pythons
  6 endoplasms
  14 giant cockroaches
  3 goblins
  6 hobgoblins
  4 jackals (D:5)
  5 quokkas
  4 bats
  8 frilled lizards
  A goblin zombie (Ossuary)
  11 hobgoblin zombies (Ossuary)
  2 jackal zombies (Ossuary)
  10 kobolds
  7 kobold zombies (Ossuary)
  12 orc zombies (Ossuary)
  4 rats
203 creatures vanquished.

Vanquished Creatures (others)
  A butterfly (D:3)
  29 plants
30 creatures vanquished.

Grand Total: 233 creatures vanquished

Notes
Turn   | Place    | Note
-------+----------+-------------------------------------------
     0 | D:1      | dohliylev the Troll Warper began the quest for the Orb.
     0 | D:1      | Reached XP level 1. HP: 19/19 MP: 1/1
    48 | D:1      | Reached XP level 2. HP: 27/27 MP: 3/3
   590 | D:2      | Found a bloodstained altar of Trog.
   594 | D:2      | Reached XP level 3. HP: 35/35 MP: 4/4
   910 | D:2      | Reached XP level 4. HP: 41/42 MP: 5/5
  1019 | D:2      | Found a faded altar of an unknown god.
  1485 | D:3      | Reached skill level 3 in Unarmed Combat
  1542 | D:3      | Found Fyaskav's Book Shoppe.
  1546 | D:3      | Noticed an ice beast
  1589 | D:3      | Killed an ice beast
  1590 | D:3      | Reached skill level 4 in Unarmed Combat
  1590 | D:3      | Reached XP level 5. HP: 18/49 MP: 6/6
  1735 | D:3      | Learned a level 2 spell: Blink
  1739 | D:3      | Learned a level 3 spell: Lesser Beckoning
  1761 | D:3      | Found a white marble altar of Elyvilon.
  2288 | D:4      | Reached skill level 1 in Throwing
  2288 | D:4      | Reached XP level 6. HP: 44/57 MP: 5/7
  2293 | D:4      | Reached skill level 5 in Unarmed Combat
  2343 | D:4      | Found a staircase to the Ecumenical Temple.
  2399 | Temple   | Entered the Ecumenical Temple
  2415 | Temple   | Became a worshipper of Warmaster Okawaru
  2626 | D:4      | Found a shadowy altar of Dithmenos.
  2640 | D:4      | Found a glowing golden altar of the Shining One.
  2827 | D:4      | Found a hazy altar of Hepliaklqana.
  3077 | D:4      | Found a glowing silver altar of Zin.
  3077 | D:4      | Found an opulent altar of Gozag.
  3151 | D:5      | Entered Level 5 of the Dungeon
  3246 | D:5      | Reached XP level 7. HP: 61/66 MP: 8/8
  3387 | D:5      | Reached skill level 6 in Unarmed Combat
  3429 | D:5      | Found a radiant altar of Vehumet.
  3565 | D:5      | Found a sacrificial altar of Ru.
  4033 | D:6      | Reached * piety under Okawaru
  4207 | D:6      | Reached XP level 8. HP: 74/74 MP: 6/9
  4596 | D:7      | Reached ** piety under Okawaru
  4693 | D:7      | Reached skill level 7 in Unarmed Combat
  4971 | D:7      | Reached skill level 5 in Throwing
  5158 | D:7      | Found a shimmering blue altar of Sif Muna.
  5170 | D:7      | Got Sif Muna's Tome of Dark Magic
  5176 | D:7      | Found a bloodstained altar of Trog.
  5184 | D:7      | Reached *** piety under Okawaru
  5185 | D:7      | Reached XP level 9. HP: 43/80 MP: 9/11
  5247 | D:7      | Noticed Maggie
  5251 | D:7      | Paralysed by Maggie for 4 turns
  5259 | D:7      | Paralysed by Maggie for 3 turns
  5266 | D:7      | Killed Maggie
  5555 | D:7      | Found Katic's Specific Store.
  5557 | D:7      | Found Kyoniyllil's General Store.
  5683 | D:8      | Reached skill level 8 in Unarmed Combat
  5707 | D:8      | Noticed a two-headed ogre
  5708 | D:8      | Noticed a two-headed ogre
  5810 | D:8      | Found a shimmering altar of Xom.
  5857 | D:8      | Killed a two-headed ogre
  5880 | D:8      | Found a sand-covered staircase.
  5889 | D:8      | Reached **** piety under Okawaru
  5890 | D:8      | Reached skill level 5 in Dodging
  5934 | Ossuary  | Entered an ossuary
  6188 | Ossuary  | Reached skill level 9 in Unarmed Combat
  6541 | D:8      | Reached XP level 10. HP: 71/91 MP: 12/12
  6581 | D:8      | Noticed a catoblepas
  6597 | D:8      | Killed a two-headed ogre
  6616 | D:8      | HP: 3/91 [catoblepas (21)]
  6618 | D:8      | Killed from afar by a catoblepas

Illustrated notes

Levels and vault maps discovered:
D:1:      roderic_chinese_lattice_arrival, layout_rooms, minmay_tromino_v7
D:2:      minmay_roachtagon, layout_basic, basic_altar,
          nicolae_ecumenical_oubliette, lexackson_kobold_supper
D:3:      layout_rooms, nicolae_elyvilon_peaceful_grove, serial_shops,
          nicolae_shop_trees
D:4:      layout_loops_ring, grunt_temple_overflow_gold_and_silver,
          lemuel_doored_altar, mainiacjoe_overflow_swirl,
          minmay_temple_entry_mini_moons, kennysheep_diamond
D:5:      layout_gridville, nicolae_vehumet_radiance, nicolae_ru_awakened_eye
D:6:      layout_rooms, nicolae_fountain_basement
D:7:      layout_rooms, nzn_overflow_gifts_of_might_and_magic, serial_bayou,
          serial_bayou_pond_d, serial_bayou_lake_a, serial_bayou_crossing,
          serial_bayou_ford_a, nicolae_specific_store, grunt_decor_junction,
          hangedman_decor_riveting, uniq_maggie
D:8:      layout_basic, mainiacjoe_overflow_paths, nicolae_ossuary_entry_ruins
Temple:   chequers_temple_sunken

Skill      XL: |  1  2  3  4  5  6  7  8  9 |
---------------+----------------------------+-----
Dodging        | 2 3 4 5 |  5.3
Unarmed Combat | 4 5 6 7 9 |  9.9
Fighting       | 2 3 |  3.0
Throwing       | 1 3 5 6 |  6.4
Translocations | 3 4 |  4.0
Spellcasting   | 2 |  2.4

Action                   |  1- 3 |  4- 6 |  7- 9 | 10-12 || total
-------------------------+-------+-------+-------+-------++-------
Melee: Unarmed           |   106 |   112 |   222 |    15 ||   455
       Punch             |     2 |     4 |     8 |     1 ||    15
Throw: Boomerang         |       |    20 |     8 |       ||    28
       Large rock        |       |     2 |     7 |     3 ||    12
       Javelin           |       |       |    49 |     1 ||    50
       Throwing net      |       |       |     2 |       ||     2
 Cast: Lesser Beckoning  |       |     2 |     6 |       ||     8
       Blink             |       |       |     3 |     2 ||     5
Invok: Heroism           |       |       |     2 |     1 ||     3
  Use: Scroll            |       |       |     6 |       ||     6
 Stab: Held in net/web   |       |       |     2 |       ||     2
       Petrified         |       |       |       |     1 ||     1
Armor: Robe              |    37 |    28 |    34 |       ||    99
       Steam dragon scal |       |       |     4 |     3 ||     7
Dodge: Dodged            |    55 |    56 |   154 |    13 ||   278

Table legend: (Time is in decaauts)
 A = Elapsed time spent in this place.
 B = Non-inter-level travel time spent in this place.
 C = Inter-level travel time spent in this place.
 D = Time resting spent in this place.
 E = Time spent auto-exploring this place.
 F = Levels seen in this place.
 G = Mean time per level.
                   A        B        C        D        E       F      G
               +--------+--------+--------+--------+--------+-----+--------+
         Total |   6680 |   6520 |    160 |    698 |   4239 |  10 |  668.0 |
       Dungeon |   6217 |   6067 |    150 |    653 |   3995 |   8 |  777.1 |
        Temple |    188 |    178 |     10 |      0 |    163 |   1 |  188.0 |
       Ossuary |    274 |    274 |      0 |     45 |     81 |   1 |  274.0 |
               +--------+--------+--------+--------+--------+-----+--------+

Top non-repeatable levels by time:
     D:7: 1322 daAuts
     D:2: 987 daAuts
     D:4: 859 daAuts
     D:5: 844 daAuts
     D:3: 711 daAuts
     D:8: 577 daAuts
     D:6: 479 daAuts
     D:1: 435 daAuts
 Ossuary: 274 daAuts
  Temple: 188 daAuts
